[Event "Titled Tuesday Blitz April 26 Early 2022"]
[White "Buscar, Michael"]
[Black "Redor, Menandro"]
[WhiteFideId "2603616"]
[BlackFideId "5222010"]
[WhiteElo "2010"]
[BlackElo "1986"]
[Result "0-1"]
[Round "04"]
[TimeControl "180+1"]
[Date "2022.04.26"]
[WhiteClock "0:00:59"]
[BlackClock "0:01:55"]

1. Nf3 c6 2. b3 d5 3. Bb2 Nf6 4. e3 Bf5 5. c4 Nbd7 6. cxd5 cxd5 7. Be2 e6 8. O-O Be7 9. d3 O-O 10. Nbd2 Rc8 11. Rc1 Nc5 12. Qc2 Nxd3 13. Qxc8 Qxc8 14. Rxc8 Rxc8 15. Bd4 Nc1 16. Bd1 Nxa2 17. Bxa7 Nc3 18. Nd4 Bd3 19. Re1 Ra8 20. Bb6 Ra1 0-1


[Site "https://www.chess.com"]

[Event "Titled Tuesday Blitz April 26 Early 2022"]
[White "Butti, Enrique"]
[Black "Begunov, Konstantin"]
[WhiteFideId "3700470"]
[BlackFideId "4118510"]
[WhiteElo "2080"]
[BlackElo "2262"]
[Result "1-0"]
[Round "04"]
[TimeControl "180+1"]
[Date "2022.04.26"]
[WhiteClock "0:01:17"]
[BlackClock "0:00:13"]

1. d4 d5 2. c4 c6 3. Nf3 Nf6 4. Nc3 dxc4 5. e3 b5 6. a4 b4 7. Nb1 a5 8. Bxc4 Ba6 9. Nbd2 e6 10. O-O Be7 11. Qe2 O-O 12. e4 c5 13. dxc5 Bxc5 14. b3 Bb7 15. Bb2 Nbd7 16. Rad1 Qb6 17. e5 Ng4 18. Ng5 Nxf2 19. Rxf2 Bxf2+ 20. Qxf2 Qxf2+ 21. Kxf2 Nc5 22. Ngf3 Rfd8 23. Ke2 Rd7 24. Nf1 Rxd1 25. Kxd1 Rd8+ 26. Ke2 h6 27. N1d2 g5 28. Bd4 Rc8 29. g4 Kg7 30. Ke3 Kg6 31. Bxc5 Rxc5 32. Ne4 Rc8 33. Nd4 Bxe4 34. Kxe4 Rc7 35. Nb5 Rd7 36. Nd4 h5 37. Bb5 hxg4 38. Bxd7 1-0


[Site "https://www.chess.com"]

[Event "Titled Tuesday Blitz April 26 Early 2022"]
[White "Chernomordik, Pavel"]
[Black "Starozhilov, Leonid"]
[WhiteFideId "2804530"]
[BlackFideId "14106752"]
[WhiteElo "2220"]
[BlackElo "2414"]
[Result "0-1"]
[Round "04"]
[TimeControl "180+1"]
[Date "2022.04.26"]
[WhiteClock "0:01:00"]
[BlackClock "0:01:09"]

1. e4 Nc6 2. Nf3 d6 3. d4 Nf6 4. Nc3 g6 5. h3 Bg7 6. Be3 a6 7. Qd2 b5 8. Bd3 Bb7 9. Bh6 O-O 10. g4 e5 11. d5 Nd4 12. Nxd4 exd4 13. Ne2 Re8 14. f3 Nxe4 15. Bxe4 Qh4+ 16. Kf1 Bxh6 17. Qxd4 Bg7 18. Qd3 Bxb2 19. Rb1 Bg7 20. Kg2 Re7 21. a4 Rae8 22. axb5 f5 23. bxa6 fxe4 24. axb7 exd3 0-1


[Site "https://www.chess.com"]

[Event "Titled Tuesday Blitz April 26 Early 2022"]
[White "Chojnacki, Slawomir"]
[Black "Leiva, Gianmarco"]
[WhiteFideId "1117076"]
[BlackFideId "3804399"]
[WhiteElo "2084"]
[BlackElo "2323"]
[Result "1-0"]
[Round "04"]
[TimeControl "180+1"]
[Date "2022.04.26"]
[WhiteClock "0:01:38"]
[BlackClock "0:00:34"]

1. d4 Nf6 2. Nf3 g6 3. c3 Bg7 4. Bg5 O-O 5. Nbd2 d5 6. e3 b6 7. Ne5 Bb7 8. Bd3 Nfd7 9. Nxd7 Qxd7 10. O-O c5 11. f4 Nc6 12. Bh4 e6 13. Rc1 Ne7 14. Bxe7 Qxe7 15. Nf3 a6 16. h4 b5 17. h5 b4 18. hxg6 hxg6 19. Ne5 bxc3 20. bxc3 a5 21. Qa4 Ba6 22. Bxa6 Rxa6 23. Rb1 Rc8 24. Rb5 cxd4 25. cxd4 Bxe5 26. fxe5 Rc3 27. Rf3 Qh4 28. Rb8+ Kg7 29. Rxf7+ Kxf7 30. Qe8+ Kg7 31. Qf8+ Kh7 32. Qh8# 1-0


[Site "https://www.chess.com"]

[Event "Titled Tuesday Blitz April 26 Early 2022"]
[White "Chuemsakul, Sarocha"]
[Black "Cagara, Paulina"]
[WhiteFideId "6203710"]
[BlackFideId "1124870"]
[WhiteElo "1703"]
[BlackElo "1780"]
[Result "1-0"]
[Round "04"]
[TimeControl "180+1"]
[Date "2022.04.26"]
[WhiteClock "0:01:09"]
[BlackClock "0:01:40"]

1. d4 f5 2. c4 Nf6 3. Nf3 g6 4. g3 Bg7 5. Bg2 O-O 6. Nc3 d6 7. O-O Qe8 8. b3 h6 9. Bb2 g5 10. Qc2 e6 11. e4 f4 12. e5 Nh7 13. h3 Nc6 14. Ne4 dxe5 15. dxe5 Nb4 16. Qd2 a5 17. a3 Na6 18. Rad1 Qg6 19. Qd3 b6 20. Nf6+ Rxf6 21. exf6 Qxd3 22. Rxd3 Nxf6 23. Rd8+ Kh7 24. Nd4 Bb7 25. Rxa8 Bxa8 26. Bxa8 Nc5 27. b4 Nd3 28. Bc3 Ne4 29. Bxe4+ 1-0


[Site "https://www.chess.com"]

[Event "Titled Tuesday Blitz April 26 Early 2022"]
[White "Ciorgovean, Iustin"]
[Black "Fernandez, Daniel Howard"]
[WhiteFideId "1242911"]
[BlackFideId "5801605"]
[WhiteElo "2075"]
[BlackElo "2466"]
[Result "0-1"]
[Round "04"]
[TimeControl "180+1"]
[Date "2022.04.26"]
[WhiteClock "0:00:24"]
[BlackClock "0:01:10"]

1. d4 Nf6 2. c4 e6 3. Nc3 Bb4 4. Qc2 d6 5. Bg5 Nbd7 6. e3 h6 7. Bh4 O-O 8. Bd3 b6 9. Ne2 Bb7 10. O-O Bxc3 11. Nxc3 c5 12. f3 cxd4 13. exd4 Rc8 14. Qd2 e5 15. d5 a6 16. b3 Qc7 17. a4 Nh5 18. Bf2 Nf4 19. Bc2 f5 20. Kh1 Qd8 21. Be3 Nh5 22. g4 fxg4 23. fxg4 Nf4 24. Bxf4 exf4 25. Rxf4 Ne5 26. Raf1 Rxf4 27. Rxf4 Rc7 28. Qe2 Bc8 29. Qe4 g6 30. Qe3 Nxg4 31. Qxb6 Qh4 32. Rxg4 Bxg4 33. Qxc7 Bf3+ 0-1


[Site "https://www.chess.com"]

[Event "Titled Tuesday Blitz April 26 Early 2022"]
[White "Costachi, Mihnea"]
[Black "Vovk, Orest"]
[WhiteFideId "1217518"]
[BlackFideId "14113490"]
[WhiteElo "2476"]
[BlackElo "2203"]
[Result "1-0"]
[Round "04"]
[TimeControl "180+1"]
[Date "2022.04.26"]
[WhiteClock "0:02:23"]
[BlackClock "0:01:36"]

1. d4 d6 2. e4 Nd7 3. Nc3 e5 4. Nf3 Ngf6 5. h3 Be7 6. Be3 O-O 7. Qd2 exd4 8. Nxd4 Nc5 9. f3 Re8 10. O-O-O a6 11. g4 b5 12. g5 Nh5 13. Nd5 Bf8 14. h4 Ng3 15. Rg1 Nxf1 16. Rdxf1 c6 17. Nxc6 Qd7 18. Nd4 Bb7 19. Nf6+ gxf6 20. gxf6+ Kh8 21. Bh6 Bxe4 22. fxe4 Nxe4 23. Rg8+ Kxg8 24. Qg2+ Kh8 25. Bg7+ Kg8 26. Bxf8+ Kxf8 27. Qg7# 1-0


[Site "https://www.chess.com"]

[Event "Titled Tuesday Blitz April 26 Early 2022"]
[White "Cramling Bellon, Anna"]
[Black "Bethke, Richard"]
[WhiteFideId "32009232"]
[BlackFideId "12959243"]
[WhiteElo "1905"]
[BlackElo "2530"]
[Result "0-1"]
[Round "04"]
[TimeControl "180+1"]
[Date "2022.04.26"]
[WhiteClock "0:00:02"]
[BlackClock "0:00:09"]

1. d4 f5 2. e4 fxe4 3. Nc3 Nf6 4. Bg5 Nc6 5. d5 Ne5 6. Qd4 Nf7 7. h4 e5 8. dxe6 dxe6 9. Qxd8+ Nxd8 10. Nxe4 Nxe4 11. O-O-O Nxg5 12. hxg5 Nf7 13. f4 Bd7 14. Nf3 O-O-O 15. Bc4 Bd6 16. g3 Rde8 17. Rde1 h6 18. g6 Nd8 19. Rhg1 Rhf8 20. Nd2 e5 21. Ne4 exf4 22. Nxd6+ cxd6 23. gxf4 Rxf4 24. Bd5 Rf6 25. Ref1 Ref8 26. Re1 Be6 27. Be4 Kd7 28. b3 Nc6 29. Kb2 Rf2 30. Bd3 a6 31. a3 Ne5 32. Be4 b5 33. Rg3 Rc8 34. Rge3 d5 35. Bd3 Nxd3+ 36. Rxd3 Rcxc2+ 37. Kb1 Bf5 38. Rxd5+ Kc6 39. Rxf5 Rb2+ 40. Kc1 Rfc2+ 41. Kd1 Rh2 42. Re6+ Kd7 43. Re1 Rb1# 0-1


[Site "https://www.chess.com"]

[Event "Titled Tuesday Blitz April 26 Early 2022"]
[White "Csonka, Balazs"]
[Black "Silvestre, Christian"]
[WhiteFideId "742910"]
[BlackFideId "30956269"]
[WhiteElo "2404"]
[BlackElo "2325"]
[Result "1-0"]
[Round "04"]
[TimeControl "180+1"]
[Date "2022.04.26"]
[WhiteClock "0:00:41"]
[BlackClock "0:01:16"]

1. d4 Nf6 2. c4 d6 3. Nf3 g6 4. Nc3 Bg7 5. e4 O-O 6. Be2 e5 7. Be3 Nc6 8. d5 Ne7 9. Nd2 Nd7 10. O-O f5 11. f3 f4 12. Bf2 g5 13. b4 Nf6 14. c5 Rf7 15. cxd6 cxd6 16. Nc4 Bf8 17. Nb5 Ng6 18. Nxa7 Rxa7 19. Bxa7 h5 20. Nb6 g4 21. Nxc8 Qxc8 22. Bf2 g3 23. hxg3 fxg3 24. Bxg3 h4 25. Bh2 Nh5 26. f4 Nhxf4 27. Bg4 Qd8 28. Bxf4 Rxf4 29. Be6+ Kg7 30. Rxf4 exf4 31. Qg4 Qb6+ 32. Kh1 h3 33. Bf5 hxg2+ 34. Qxg2 1-0


[Site "https://www.chess.com"]

[Event "Titled Tuesday Blitz April 26 Early 2022"]
[White "Daneshvar, Bardiya"]
[Black "Di Nicolantonio, Lucas"]
[WhiteFideId "12576468"]
[BlackFideId "680460"]
[WhiteElo "2795"]
[BlackElo "2532"]
[Result "1-0"]
[Round "04"]
[TimeControl "180+1"]
[Date "2022.04.26"]
[WhiteClock "0:00:08"]
[BlackClock "0:00:07"]

1. b3 Nf6 2. Bb2 g6 3. e3 Bg7 4. d4 O-O 5. Nf3 d5 6. c4 c6 7. Nc3 Nbd7 8. Be2 Re8 9. O-O e6 10. a3 b6 11. b4 Bb7 12. c5 a5 13. Na4 b5 14. Nc3 Bc8 15. Nd2 e5 16. Nb3 a4 17. Na5 Qc7 18. Nxc6 Qxc6 19. Bxb5 Qe6 20. Nxa4 Ba6 21. Bxa6 Qxa6 22. Nc3 exd4 23. exd4 Qc4 24. Rc1 Nh5 25. Nb1 Qb5 26. c6 Nb6 27. Rc5 Qe2 28. Qb3 Nf4 29. Rc2 Qg4 30. f3 Qg5 31. Bc1 Bxd4+ 32. Kh1 Nc4 33. g3 Ne3 34. gxf4 Qh4 35. Bxe3 Bxe3 36. Nc3 Bxf4 37. Nxd5 Bd6 38. Qc3 Re5 39. c7 Rxd5 40. c8=Q+ Rxc8 41. Qxc8+ Kg7 42. Qg4 Qh6 43. Qg2 Rg5 44. Qd2 Be5 45. Qe3 Bf4 46. Qd4+ Be5 47. Qf2 Rh5 48. f4 Bf6 49. Qg3 Rh3 50. Qg2 Rh4 51. Rcf2 Qh5 52. f5 g5 53. Qf3 g4 54. Qe4 Rh3 55. Rg2 g3 56. Qc2 Be5 57. f6+ Kh6 58. Qd2+ Kg6 59. Qd3+ Kh6 60. Qe3+ Kg6 61. Qe4+ Kh6 62. Qe3+ Kg6 63. Qg1 Kh6 64. b5 Rxh2+ 65. Rxh2 gxh2 66. Qe3+ Kg6 67. Qf3 Qg5 68. Qg2 Bg3 69. b6 Qe3 70. b7 Kh6 71. Qh3+ Kg5 72. b8=Q Qe4+ 73. Qg2 Qxg2+ 74. Kxg2 Bxb8 75. a4 h5 76. a5 Ba7 77. Kxh2 h4 78. Kh3 Bd4 79. a6 Kh5 80. Rf4 Bb6 81. Rxh4+ Kg5 82. Rb4 Be3 83. Rb7 Kxf6 84. a7 1-0


[Site "https://www.chess.com"]

[Event "Titled Tuesday Blitz April 26 Early 2022"]
[White "Dauner, Benedikt"]
[Black "Urazayev, Arystanbek"]
[WhiteFideId "16225899"]
[BlackFideId "13709810"]
[WhiteElo "2531"]
[BlackElo "2769"]
[Result "0-1"]
[Round "04"]
[TimeControl "180+1"]
[Date "2022.04.26"]
[WhiteClock "0:00:08"]
[BlackClock "0:00:20"]

1. d4 f6 2. e4 c6 3. Nc3 d5 4. Bd3 e6 5. Nf3 Bb4 6. O-O Ne7 7. exd5 exd5 8. Ne2 O-O 9. c3 Bd6 10. Qc2 g6 11. Nf4 Bg4 12. Re1 Bxf4 13. Bxf4 Bxf3 14. gxf3 Nd7 15. Re2 Rf7 16. Rae1 Nf8 17. Bg3 Qd7 18. Kg2 Nf5 19. h4 Ng7 20. c4 Nh5 21. c5 f5 22. Bd6 Qd8 23. Re7 Nf4+ 24. Kg3 Nh5+ 25. Kg2 Ng7 26. Rxf7 Kxf7 27. Re7+ Qxe7 28. Bxe7 Kxe7 29. Qb3 Rb8 30. Qa3 a6 31. Qa5 Nfe6 32. Qc3 Nh5 33. Bf1 Nhf4+ 34. Kg1 g5 35. hxg5 Rg8 36. Qb3 Rxg5+ 37. Kh1 Rh5+ 38. Kg1 Nxd4 39. Qxb7+ Kf6 40. Bg2 Rg5 41. Qc7 Rxg2+ 42. Kf1 Nde6 43. Qxh7 Rg7 44. Qh8 Ke5 45. b4 Kd4 46. a3 Kc4 47. Qa8 d4 48. Qxa6+ Kc3 49. Qxc6 d3 50. Qd6 d2 51. c6 Nd4 52. Qc5+ Kd3 0-1


[Site "https://www.chess.com"]

[Event "Titled Tuesday Blitz April 26 Early 2022"]
[White "De Souza, Cristiano Gomes"]
[Black "Murthy, Pappu"]
[WhiteFideId "2151758"]
[BlackFideId "2013401"]
[WhiteElo "2068"]
[BlackElo "1973"]
[Result "1-0"]
[Round "04"]
[TimeControl "180+1"]
[Date "2022.04.26"]
[WhiteClock "0:01:18"]
[BlackClock "0:00:05"]

1. d4 Nf6 2. c4 c5 3. d5 b5 4. cxb5 a6 5. bxa6 g6 6. Nc3 Bg7 7. g3 O-O 8. Bg2 d6 9. Nf3 Nxa6 10. O-O Bf5 11. Nh4 Bd7 12. Rb1 Qa5 13. a3 Rfb8 14. Bd2 Nc7 15. Qc2 Nb5 16. Nxb5 Qxb5 17. Bc3 Qb3 18. Qxb3 Rxb3 19. Rbd1 Ne8 20. Bxg7 Kxg7 21. Rd2 Rab8 22. Rb1 Rxa3 23. f4 Ra2 24. Kf2 Nc7 25. e4 Nb5 26. Ke3 Nd4 27. Nf3 Rb3+ 28. Kf2 Nb5 29. Bf1 Bg4 30. Ne1 Nd4 31. Bc4 Nf3 32. Bxb3 Nxd2 33. Bxa2 Nxb1 34. Bxb1 e6 35. dxe6 fxe6 36. Nd3 c4 37. Nb4 Bd1 38. Ke3 Bb3 39. Kd4 Kf6 40. e5+ dxe5+ 41. fxe5+ Ke7 42. Nc6+ Kd7 43. Na5 1-0


[Site "https://www.chess.com"]

[Event "Titled Tuesday Blitz April 26 Early 2022"]
[White "Demchenko, Anton"]
[Black "Darini, Pouria"]
[WhiteFideId "4160258"]
[BlackFideId "12502200"]
[WhiteElo "2539"]
[BlackElo "2489"]
[Result "0-1"]
[Round "04"]
[TimeControl "180+1"]
[Date "2022.04.26"]
[WhiteClock "0:00:04"]
[BlackClock "0:00:12"]

1. e4 c5 2. Nf3 Nc6 3. Bb5 e6 4. O-O Nge7 5. Re1 Nd4 6. Nxd4 cxd4 7. c3 a6 8. Bf1 Nc6 9. b4 Be7 10. a4 O-O 11. Na3 b6 12. Bb2 Bb7 13. b5 dxc3 14. Bxc3 axb5 15. Nxb5 d5 16. exd5 exd5 17. Qg4 Bf6 18. d4 Bc8 19. Qg3 Bf5 20. Bd3 Bxd3 21. Qxd3 Qd7 22. h3 h6 23. Bd2 Rfe8 24. Rxe8+ Rxe8 25. Rc1 Rc8 26. Be3 Na5 27. Rxc8+ Qxc8 28. Nd6 Qd7 29. Nb5 Nc4 30. Qb3 Be7 31. Nc3 Qe6 32. Nb5 Bf6 33. Qd3 h5 34. Nc3 g6 35. Nb5 Nb2 36. Qc2 Nc4 37. Qd3 Kg7 38. Kf1 Be7 39. Ke2 f5 40. Kf1 g5 41. Bc1 Kg6 42. Nc3 Bb4 43. Ne2 Qe4 44. Qb3 Bd2 45. Qd1 Qd3 46. Bxd2 Qxd2 47. Qxd2 Nxd2+ 48. Ke1 Ne4 49. f4 g4 50. hxg4 fxg4 51. Kd1 h4 52. Ke1 Kf5 53. Kf1 g3 54. Ke1 Kg4 55. Kf1 Nf6 56. Kg1 Nh5 57. Nc3 Nxf4 58. Kf1 h3 59. gxh3+ Kxh3 60. Kg1 g2 0-1


[Site "https://www.chess.com"]

[Event "Titled Tuesday Blitz April 26 Early 2022"]
[White "Devaev, Alexander"]
[Black "Papasimakopoulos, Alexandros"]
[WhiteFideId "4169395"]
[BlackFideId "4244125"]
[WhiteElo "2185"]
[BlackElo "2340"]
[Result "0-1"]
[Round "04"]
[TimeControl "180+1"]
[Date "2022.04.26"]
[WhiteClock "0:00:06"]
[BlackClock "0:00:03"]

1. d4 e6 2. c4 Nf6 3. Nf3 Bb4+ 4. Bd2 Qe7 5. Nc3 b6 6. g3 Bb7 7. Bg2 O-O 8. O-O Bxc3 9. Bxc3 Ne4 10. Be1 d6 11. Rc1 Nd7 12. Kh1 f5 13. Ng1 e5 14. d5 Nef6 15. Qc2 g6 16. Bc3 a5 17. Nf3 Ne4 18. Be1 Ndc5 19. b3 Kg7 20. e3 h5 21. Nd2 c6 22. dxc6 Bxc6 23. Nb1 h4 24. Kg1 Rh8 25. Nc3 Qg5 26. f4 Qh6 27. gxh4 Rac8 28. Rd1 Nxc3 29. Qxc3 Bxg2 30. Kxg2 Ne4 31. Qb2 Qh5 32. Bg3 Rhe8 33. fxe5 dxe5 34. Bxe5+ Kg8 35. Rd7 Rcd8 36. Rfd1 Qxd1 37. Rxd1 Rxd1 38. Qa3 Rd2+ 39. Kg1 Re2 40. Bf4 Rd8 41. Qc1 Rdd2 42. h5 Rg2+ 43. Kh1 gxh5 44. Qa1 Rb2 45. Qd1 Rgd2 46. Qxh5 Rb1+ 47. Qd1 Rbxd1# 0-1


[Site "https://www.chess.com"]

[Event "Titled Tuesday Blitz April 26 Early 2022"]
[White "Dixit, Nikhil"]
[Black "Pham, Tran Gia Phuc"]
[WhiteFideId "5059534"]
[BlackFideId "12415669"]
[WhiteElo "2223"]
[BlackElo "1789"]
[Result "0-1"]
[Round "04"]
[TimeControl "180+1"]
[Date "2022.04.26"]
[WhiteClock "0:00:28"]
[BlackClock "0:01:35"]

1. e4 c5 2. Nf3 d6 3. Bb5+ Nd7 4. O-O a6 5. Bd3 Ngf6 6. c3 b5 7. Bc2 Bb7 8. Re1 g6 9. a4 c4 10. d3 cxd3 11. Bxd3 bxa4 12. Qxa4 Bg7 13. Be3 O-O 14. h3 Nc5 15. Bxc5 dxc5 16. Bc2 Qc7 17. Nbd2 Nh5 18. Bb3 Nf4 19. Bc4 Bc6 20. Qc2 Bb5 21. Bxb5 axb5 22. Rxa8 Rxa8 23. e5 Rd8 24. Re4 Nd3 25. g3 c4 26. Kg2 Nxe5 27. Nxe5 Bxe5 28. Nf3 Bf6 29. b3 Qc6 30. bxc4 bxc4 31. Qe2 Rc8 32. Qe3 Qd5 33. h4 Qd3 34. Qxd3 cxd3 35. c4 Rd8 36. Re1 Bc3 37. Rd1 e5 38. Ng5 f5 39. f3 d2 40. Kf2 h6 41. Ne6 Rd6 42. Nc5 Rc6 43. Nb3 Rxc4 44. Nxd2 Rd4 45. Ke2 Bxd2 46. Rxd2 Rxd2+ 47. Kxd2 Kf7 48. Ke3 Ke6 49. Kd3 Kd5 50. Ke3 h5 51. Kd3 e4+ 52. fxe4+ fxe4+ 53. Ke3 Ke5 54. Ke2 Kd4 55. Kd2 e3+ 56. Ke2 Ke4 57. Ke1 Kf3 58. Kf1 Kxg3 59. Ke2 Kxh4 60. Kxe3 Kg3 61. Ke4 h4 62. Ke5 h3 63. Kf6 h2 0-1


[Site "https://www.chess.com"]

[Event "Titled Tuesday Blitz April 26 Early 2022"]
[White "Djokic, Mihailo"]
[Black "Estrada Nieto, Julian"]
[WhiteFideId "976440"]
[BlackFideId "5101018"]
[WhiteElo "2202"]
[BlackElo "2252"]
[Result "1-0"]
[Round "04"]
[TimeControl "180+1"]
[Date "2022.04.26"]
[WhiteClock "0:00:08"]
[BlackClock "0:00:20"]

1. e4 e5 2. Nf3 Nc6 3. Nc3 Nf6 4. Bb5 Bb4 5. O-O O-O 6. d3 Bxc3 7. bxc3 d6 8. Re1 Ne7 9. d4 Ng6 10. dxe5 dxe5 11. Ba3 Bd7 12. Bxd7 Qxd7 13. Bxf8 Kxf8 14. Rb1 b6 15. Qe2 Qc6 16. c4 Nd7 17. g3 Nc5 18. Rbd1 Qa4 19. Rd5 Qxa2 20. Nxe5 Nxe5 21. Rxe5 a5 22. Rd1 a4 23. Qd2 g6 24. Qh6+ Kg8 25. Red5 Ne6 26. Re5 Qxc4 27. Qc1 a3 28. c3 a2 29. Qb2 Nc5 30. Red5 Qa4 31. Rd8+ Rxd8 32. Rxd8+ Kg7 33. c4+ f6 34. Qa1 Nb3 35. Rd7+ Qxd7 36. Qxa2 1-0


[Site "https://www.chess.com"]

[Event "Titled Tuesday Blitz April 26 Early 2022"]
[White "Dobre, Claudiu-Cristian"]
[Black "Nazari, Arad"]
[WhiteFideId "1211854"]
[BlackFideId "12577324"]
[WhiteElo "2207"]
[BlackElo "2129"]
[Result "0-1"]
[Round "04"]
[TimeControl "180+1"]
[Date "2022.04.26"]
[WhiteClock "0:00:02"]
[BlackClock "0:00:28"]

1. c4 Nf6 2. Nc3 d6 3. d4 g6 4. Nf3 Bg7 5. e4 e5 6. Be2 O-O 7. O-O c5 8. dxe5 dxe5 9. Qxd8 Rxd8 10. Bg5 Bd7 11. Bxf6 Bxf6 12. Nd5 Kg7 13. Nc7 Nc6 14. Nxa8 Rxa8 15. Rfd1 Be6 16. b3 Nd4 17. Nxd4 exd4 18. f4 a5 19. e5 Bd8 20. Bf3 Ra7 21. a4 Ra6 22. Be4 Rb6 23. Rd3 Rb4 24. h3 h5 25. Rf3 f5 26. exf6+ Bxf6 27. Re1 Bd7 28. Rg3 Be8 29. Bxg6 Bh4 30. Bxe8+ Bxg3 31. Rb1 Rb6 32. Bxh5 Re6 33. Rd1 Re3 34. Rb1 d3 35. Rd1 d2 36. Rf1 Rxb3 37. Bd1 Rb1 38. f5 Kf6 39. h4 Bxh4 40. g4 Be1 41. g5+ Kxg5 42. f6 Rxd1 43. f7 Bf2+ 44. Kg2 Rxf1 45. f8=Q d1=Q 46. Qe7+ Kf5 47. Qf7+ Ke4 48. Qg6+ Kd4 49. Qd6+ Kc3 50. Qf6+ Bd4 0-1


[Site "https://www.chess.com"]

[Event "Titled Tuesday Blitz April 26 Early 2022"]
[White "Donchenko, Alexander"]
[Black "Kozak, Adam"]
[WhiteFideId "24603295"]
[BlackFideId "753246"]
[WhiteElo "2539"]
[BlackElo "2459"]
[Result "1-0"]
[Round "04"]
[TimeControl "180+1"]
[Date "2022.04.26"]
[WhiteClock "0:00:46"]
[BlackClock "0:00:09"]

1. d4 Nf6 2. Nf3 b6 3. g3 Bb7 4. Bg2 e6 5. O-O Be7 6. c4 O-O 7. Nc3 Ne4 8. Bd2 Nxd2 9. Qxd2 d6 10. Rac1 Nd7 11. Rfd1 a6 12. Ne1 c6 13. Nd3 Qc7 14. b4 Rad8 15. a4 Qb8 16. b5 axb5 17. axb5 cxb5 18. Nxb5 Nf6 19. Qf4 Bxg2 20. Kxg2 Qb7+ 21. Qf3 d5 22. Ne5 Rc8 23. e3 Ne4 24. cxd5 Ng5 25. Qe2 Qxd5+ 26. f3 f6 27. e4 Qb3 28. Nc6 Kf7 29. Rb1 Qa4 30. Ra1 Qb3 31. Rdb1 Qxb1 32. Rxb1 Rxc6 33. h4 Rfc8 34. Rb2 Rc1 35. hxg5 fxg5 36. e5 h5 37. Nd6+ Bxd6 38. exd6 R1c6 39. Qe5 Rd8 40. Qxg5 Rcxd6 41. Qxh5+ Ke7 42. Qg5+ Kf7 43. Rxb6 Rxd4 44. Rb7+ R8d7 45. Rxd7+ Rxd7 46. Qe5 Rd5 47. Qc7+ Kf6 48. Kh3 Rh5+ 49. Kg4 Rg5+ 50. Kf4 Rf5+ 51. Ke4 Rd5 52. f4 g6 53. Qc8 Rd1 1-0


[Site "https://www.chess.com"]

[Event "Titled Tuesday Blitz April 26 Early 2022"]
[White "Dubov, Daniil"]
[Black "Ibrahimli, Murad"]
[WhiteFideId "24126055"]
[BlackFideId "13410229"]
[WhiteElo "2791"]
[BlackElo "2109"]
[Result "1-0"]
[Round "04"]
[TimeControl "180+1"]
[Date "2022.04.26"]
[WhiteClock "0:00:22"]
[BlackClock "0:00:28"]

1. d4 d5 2. c4 c6 3. Nf3 Nf6 4. cxd5 cxd5 5. Nc3 Nc6 6. Bf4 Nh5 7. Be5 e6 8. e3 Nf6 9. Bf4 Bd6 10. Bd3 Bxf4 11. exf4 Qd6 12. Qd2 a6 13. O-O O-O 14. Ne5 Bd7 15. Rae1 Rac8 16. Re3 Ne7 17. Rh3 g6 18. g4 Bc6 19. f5 exf5 20. Qh6 Kh8 21. g5 Neg8 22. Qh4 Nh5 23. Bxf5 Rc7 24. Re1 Re7 25. Bg4 f6 26. gxf6 Ngxf6 27. Bxh5 Nxh5 28. Qxe7 Qxe7 29. Nxg6+ hxg6 30. Rxe7 Rf4 31. Ne2 Rg4+ 32. Kh1 Kg8 33. f3 Rg5 34. Re5 Rxe5 35. dxe5 Bd7 36. Rh4 Ng7 37. Nd4 1-0


[Site "https://www.chess.com"]

[Event "Titled Tuesday Blitz April 26 Early 2022"]
[White "Dwilewicz, Katarzyna"]
[Black "Kejzar, Petra"]
[WhiteFideId "1148486"]
[BlackFideId "14610213"]
[WhiteElo "1907"]
[BlackElo "2003"]
[Result "0-1"]
[Round "04"]
[TimeControl "180+1"]
[Date "2022.04.26"]
[WhiteClock "0:00:01"]
[BlackClock "0:00:05"]

1. e4 c5 2. Nf3 d6 3. d4 cxd4 4. Nxd4 g6 5. g3 Bg7 6. Bg2 Nc6 7. Be3 Qb6 8. Nb3 Qc7 9. Nc3 Nf6 10. O-O O-O 11. h3 Ne5 12. Nd2 Be6 13. Nd5 Bxd5 14. exd5 Rfc8 15. Rc1 Nc4 16. Nxc4 Qxc4 17. b3 Qa6 18. c4 b5 19. c5 dxc5 20. Bxc5 Re8 21. a3 Rad8 22. Re1 Bf8 23. Qd4 Nxd5 24. Bxd5 e6 25. Bxf8 Rxf8 26. Rc7 Rxd5 27. Qxa7 Qd6 28. Rec1 Rd3 29. R7c3 Rd8 30. Kh2 Rd2 31. R1c2 Rd1 32. Qc5 Qd7 33. Qc6 Qd4 34. Qxb5 Qe4 35. f3 Qe1 0-1


[Site "https://www.chess.com"]

[Event "Titled Tuesday Blitz April 26 Early 2022"]
[White "Elgersma, Onno"]
[Black "Kosteniuk, Alexandra"]
[WhiteFideId "1053531"]
[BlackFideId "4128125"]
[WhiteElo "2304"]
[BlackElo "2469"]
[Result "1/2-1/2"]
[Round "04"]
[TimeControl "180+1"]
[Date "2022.04.26"]
[WhiteClock "0:00:02"]
[BlackClock "0:00:09"]

1. e4 c6 2. d4 d5 3. exd5 cxd5 4. c4 Nf6 5. Nc3 Nc6 6. Nf3 a6 7. cxd5 Nxd5 8. Bd3 Bg4 9. Qb3 Bxf3 10. gxf3 Ndb4 11. Bc4 e6 12. d5 Nd4 13. Qd1 Nbc2+ 14. Kf1 Qh4 15. Rg1 Qh3+ 16. Rg2 Qxf3 17. Qxf3 Nxf3 18. Rb1 O-O-O 19. dxe6 fxe6 20. Bxe6+ Kb8 21. Ne4 Rd4 22. Bf5 g6 23. Bf4+ Ka7 24. Rc1 gxf5 25. Rxc2 Rxe4 26. Be3+ Nd4 27. Rc4 Rxe3 28. fxe3 Nc6 29. Rd2 Bh6 30. Rd7 Kb6 31. Rc3 f4 32. exf4 Bxf4 33. Rb3+ Kc5 34. Rbxb7 h5 35. Rh7 Rf8 36. Rxh5+ Be5+ 37. Kg2 Rg8+ 38. Kf3 Kd5 39. Rd7+ Ke6 40. Rd3 Nd4+ 41. Kf2 Rf8+ 42. Ke3 Nf5+ 43. Ke4 Nd6+ 44. Ke3 Bf4+ 45. Ke2 Rg8 46. Ra3 Be5 47. Rxa6 Rg2+ 48. Kf3 Rxb2 49. Ra5 Nc4 50. Ra6+ Kd5 51. a4 Rb3+ 52. Ke2 Re3+ 53. Kf2 Ra3 54. Ra8 Nd6 55. a5 Ne4+ 56. Ke2 Ra2+ 57. Kf3 Ra3+ 58. Ke2 Ra2+ 59. Kf3 Ra3+ 60. Ke2 1/2-1/2


[Site "https://www.chess.com"]

[Event "Titled Tuesday Blitz April 26 Early 2022"]
[White "Fedoseev, Vladimir"]
[Black "Safarli, Eltaj"]
[WhiteFideId "24130737"]
[BlackFideId "13402129"]
[WhiteElo "2726"]
[BlackElo "2634"]
[Result "1/2-1/2"]
[Round "04"]
[TimeControl "180+1"]
[Date "2022.04.26"]
[WhiteClock "0:00:07"]
[BlackClock "0:00:05"]

1. d4 Nf6 2. Nf3 d5 3. Bf4 c5 4. e3 Nc6 5. c3 Qb6 6. Qc1 Bf5 7. Nbd2 e6 8. Be2 Be7 9. O-O O-O 10. Nh4 Bg6 11. Nxg6 hxg6 12. h3 Rac8 13. Qb1 Rfd8 14. Rc1 a6 15. a4 Bd6 16. a5 Qc7 17. Bxd6 Qxd6 18. Nb3 cxd4 19. exd4 Rc7 20. Re1 Re7 21. Bf1 Rde8 22. Qc1 e5 23. dxe5 Rxe5 24. Rxe5 Rxe5 25. Qf4 Qe7 26. Rd1 Re1 27. Qd2 Rxd1 28. Qxd1 Qd8 29. Nc5 Qxa5 30. b4 Qa3 31. Qe1 a5 32. Nd3 axb4 33. cxb4 Ne4 34. b5 Nd4 35. Nf4 Qc3 36. Qe3 Nf5 37. Nxd5 Nxe3 38. Nxc3 Nxc3 39. fxe3 Kf8 40. Bc4 Ke7 41. Kf2 Ne4+ 42. Ke2 Nd6 43. Kd3 b6 44. Kd4 Kd7 45. Bd3 g5 46. Kd5 Ne8 47. e4 Nc7+ 48. Ke5 Ke7 49. Bc4 f6+ 50. Kf5 Ne8 51. Kg6 Nd6 52. Bd3 Kf8 53. e5 Nf7 54. exf6 Ne5+ 55. Kh7 gxf6 56. Be2 Kf7 57. g4 Nd7 58. Bc4+ Ke7 59. Kg7 Ne5 60. Be2 Nf7 61. Kg6 Nd6 62. Bd3 Ke6 63. Be2 Ke7 64. Bd3 Ke6 65. Bf1 Ke7 66. Be2 Ke6 67. Bd3 Ke7 68. Kg7 Ne8+ 69. Kg8 Nd6 70. Be2 Ne4 71. Kg7 Nd6 72. Bd3 Ne8+ 73. Kg6 Nd6 74. Kg7 1/2-1/2


[Site "https://www.chess.com"]